Unix NetHack Version 3.7.0-66 Work-in-progress - last build Dec 5 2022 03:26:57 (dbea811729ade750c4c0c7f8ab6145c62533a6e7,branch:master). Game began 2022-12-10 13:56:48, ended 2022-12-10 19:56:34. elenmirie, neutral female gnomish Ranger ------- |.u|..----- ----------------.@.......| |%^^^^......%....-...|...| |+------------..0..-.---.| |.........| --.|........| |.........| |.--..----.| |.........| |..|..0.0..| |.........| |-....0....| |....<....| |.00|...|0.| |.........| |.-.-----..| |.........| |..........| |.........| -------->0-- ----------- ---- Elenmirie the Trailblazer St:18 Dx:13 Co:17 In:14 Wi:14 Ch:8 Neutral Dlvl:8 $:0 HP:0(59) Pw:40(40) AC:-2 Xp:9/3289 T:13469 Burdened Latest messages: With great effort you move the boulder. With great effort you move the boulder. Where do you want to travel to? (For instructions type a '?') With great effort you move the boulder. With great effort you move the boulder. The boulder falls into and plugs a hole in the floor! The warg turns into a guardian naga hatchling! You hit the guardian naga hatchling! The guardian naga hatchling strikes at your displaced image and misses you! The guardian naga hatchling misses! You hit the guardian naga hatchling! The guardian naga hatchling misses! Vorpal Blade decapitates the guardian naga hatchling! You kill the guardian naga hatchling! With great effort you move the boulder. With great effort you move the boulder. You try to move the boulder, but in vain. With great effort you move the boulder. Where do you want to travel to? (For instructions type a '?') With great effort you move the boulder. The boulder falls into and plugs a hole in the floor! With great effort you move the boulder. With great effort you move the boulder. With great effort you move the boulder. With great effort you move the boulder. With great effort you move the boulder. With great effort you move the boulder. The white unicorn butts! The white unicorn kicks! The white unicorn butts! The white unicorn kicks! You hit the white unicorn! The white unicorn butts! The white unicorn kicks! The white unicorn butts! The white unicorn kicks! You hit the white unicorn! The white unicorn butts! The white unicorn kicks! The white unicorn butts! The white unicorn kicks! The white unicorn butts! You die... Do you want your possessions identified? [ynq] (y) y Do you want to see your attributes? [ynq] (y) y Do you want an account of creatures vanquished? [ynaq] (y) y Do you want to see your conduct and achievements? [ynq] (y) y Do you want to see the dungeon overview? [ynq] (y) y Inventory: Amulets g - an uncursed amulet versus poison Weapons B - 14 uncursed +0 arrows c - 30 uncursed +2 crossbow bolts (in quiver pouch) N - 10 uncursed +0 elven arrows b - an uncursed +1 crossbow (alternate weapon; not wielded) S - an uncursed +0 elven bow a - an uncursed +1 dagger D - an uncursed +0 dagger L - an uncursed +0 elven dagger d - the uncursed rustproof +0 Vorpal Blade (weapon in hand) Armor W - a blessed +0 elven leather helm (being worn) G - a blessed +1 pair of leather gloves (being worn) V - an uncursed +0 pair of jumping boots (being worn) H - an uncursed +0 small shield (being worn) I - a blessed +2 cloak of displacement (being worn) h - an uncursed +0 cloak of protection O - an uncursed +1 studded leather armor (being worn) Comestibles j - an uncursed food ration Rings f - a cursed ring of aggravate monster M - an uncursed +2 ring of gain strength k - an uncursed ring of levitation R - an uncursed ring of regeneration Wands Y - an uncursed wand of cold (0:2) U - an uncursed wand of digging (0:4) A - an uncursed wand of lightning (0:8) z - an uncursed wand of lightning (0:4) K - an uncursed wand of magic missile (0:4) i - an uncursed wand of polymorph (0:0) J - an uncursed wand of secret door detection (0:9) Z - an uncursed wand of striking (0:8) y - an uncursed wand of striking (0:6) t - an uncursed wand of striking (0:5) Tools w - an uncursed sack containing 37 items n - an uncursed tooled horn r - an uncursed magic lamp F - an uncursed magic lamp e - an uncursed skeleton key P - an uncursed tin whistle Q - an uncursed tin whistle x - an uncursed towel u - an uncursed +0 unicorn horn Contents of the sack: 834 gold pieces 4 uncursed trail mixes 2 uncursed apples an uncursed banana an uncursed cram ration 6 uncursed food rations 2 uncursed fortune cookies an uncursed lembas wafer an uncursed orange 3 uncursed tripe rations an uncursed tripe ration an uncursed scroll of confuse monster an uncursed scroll of create monster a blessed scroll of earth an uncursed scroll of earth an uncursed scroll of enchant weapon 2 uncursed scrolls of enchant weapon an uncursed scroll of gold detection an uncursed scroll of identify 3 uncursed scrolls of light an uncursed scroll of magic mapping a cursed scroll of stinking cloud an uncursed potion of acid a cursed potion of blindness an uncursed potion of booze a cursed potion of fruit juice an uncursed potion of full healing an uncursed potion of hallucination 2 uncursed potions of healing an uncursed potion of invisibility an uncursed potion of levitation an uncursed potion of object detection an uncursed potion of object detection a blessed potion of sleeping a potion of holy water 3 uncursed potions of water an uncursed potion of water Elenmirie the Ranger's attributes: Background: You were a Trailblazer, a level 9 female gnomish Ranger. You were neutral, on a mission for Venus who was opposed by Mercury (lawful) and Mars (chaotic). You were in Sokoban, on level 8. You entered the dungeon 13469 turns ago. There was a full moon in effect when your adventure ended. You had 3289 experience points, 1831 more were needed to attain level 10. Basics: You had 0 out of 59 hit points. You had all 40 energy points (spell power). Your armor class was -2. Your wallet was empty, but you had 834 zorkmids stashed away in your pack. Autopickup was on for '$' plus thrown. Final Characteristics: Your strength was 18 (limit:18/50). Your dexterity was 13 (limit:18). Your constitution was 17 (limit:18). Your intelligence was 14 (limit:19). Your wisdom was 14 (limit:18). Your charisma was 8 (limit:18). Final Status: You were not hungry. You were burdened; movement was slightly slowed. You were wielding a long sword. You had basic skill with long sword. Final Attributes: You were piously aligned. You were poison resistant. You were telepathic. You had automatic searching. You had infravision. You were displaced. You were stealthy. You could jump. You were warded. You were lucky. You are dead. Miscellaneous: You never encountered a bones level. Total elapsed playing time was 3 hours, 42 minutes and 11 seconds. Major events: Turn 1: elenmirie the neutral female gnomish Ranger entered the dungeon 943: attained the rank of Lookout (level 3) 1173: entered the Gnomish Mines 2198: reached Mine Town 2589: attained the rank of Trailblazer (level 6) 5880: was bestowed with Vorpal Blade by Venus 10445: killed the Oracle 12358: entered Sokoban 12827: completed 1st Sokoban level 13469: killed by a white unicorn Vanquished creatures: the Oracle a stalker 4 wargs 5 small mimics an ettin mummy a stone giant a pit viper 2 wraiths a carnivorous ape 2 watchmen a chameleon 3 giant beetles a quivering blob a cockatrice 2 wolves 2 leprechauns an iron piercer 2 giant spiders 2 scorpions 2 vampire bats a forest centaur 4 brown puddings a yeti a gold golem 3 lizards a dingo 5 jaguars a dwarf leader a blue jelly 2 white unicorns 3 ravens a plains centaur 2 gnome mummies 2 snakes 3 apes a rope golem 4 Woodland-elves 2 bugbears a quasit 3 water nymphs a mountain nymph 2 orc shamans 3 rock piercers a rock mole a pony a fog cloud 4 yellow lights 4 shriekers a gnome leader a kobold mummy 3 gray oozes 2 straw golems 13 giant ants 2 little dogs a floating eye 2 kittens 3 dwarves 4 homunculi a kobold shaman 18 hill orcs 8 rothes a monkey 2 orc zombies 4 dwarf zombies 2 wererats a werejackal 6 iguanas 23 killer bees 2 coyotes a gas spore 5 hobbits 4 manes a large kobold 4 hobgoblins a giant rat 8 cave spiders 3 brown molds 2 yellow molds a red mold 9 gnomes 7 garter snakes 7 geckos 10 jackals a fox 3 kobolds 2 goblins 10 grid bugs 4 bats 7 lichens 3 kobold zombies 18 newts 306 creatures vanquished. No species were genocided or became extinct. Voluntary challenges: You read items or engraved 8 times. You never engraved Elbereth. You never genocided any monsters. You never polymorphed an object. You never changed form. You used no wishes. You did not violate any of the special Sokoban rules. Achievements: You entered a shop. You attained the rank of Lookout. You entered the Gnomish Mines. You entered Minetown. You entered a temple. You attained the rank of Trailblazer. You entered Sokoban. The Dungeons of Doom: levels 1 to 10 Level 1: Level 2: A health food store. Level 3: "exp water in shop" A potion shop, a grave. Stairs down to The Gnomish Mines. Level 4: An armor shop, an altar to Venus. Level 5: A general store, a fountain, a sink. Level 6: Level 7: Level 8: A sink. Level 9: Many fountains. Oracle of Delphi. Level 10: A fountain. Stairs up to Sokoban, level 9. The Gnomish Mines: levels 4 to 6 Level 4: Level 5: Level 6: Many shops, a temple to Venus, some fountains. Sokoban: levels 9 up to 8 Level 8: <- You were here. Unsolved. Final resting place for you, killed by a white unicorn. Level 9: Solved. Game over: ---------- / \ / REST \ / IN \ / PEACE \ / \ | elenmirie | | 834 Au | | killed by a | | white unicorn | | | | | | 2022 | *| * * * | * _________)/\\_//(\/(/\)/\//\/|_)_______ Goodbye elenmirie the Ranger... You died in Sokoban on dungeon level 8 with 16195 points, and 834 pieces of gold, after 13469 moves. You were level 9 with a maximum of 59 hit points when you died.